 Dungeon Crawl Stone Soup version 0.29-a0-973-gac7da5f7f0 (webtiles) character file.

Game seed: 11436350210484419250

14 vurker the Sneak (level 2, -1/14 HPs)
             Began as a Vine Stalker Enchanter on July 31, 2022.
             Slain by an orc
             ... wielding a +0 hand axe
              (3 damage)
             ... on level 1 of the Dungeon.
             The game lasted 00:01:57 (1333 turns).

vurker the Sneak (Vine Stalker Enchanter)           Turns: 1333, Time: 00:01:57

Health: -1/14      AC:  5    Str: 10    XL:     2   Next: 45%
Magic:  0/6        EV: 10    Int: 15    God:
Gold:   67         SH:  0    Dex: 14    Spells: 5/5 levels left

rFire   . . .      SeeInvis .   a - +1 dagger
rCold   . . .      Faith    .   (no shield)
rNeg    . . .      Spirit   +   g - +0 ring mail
rPois   .          Reflect  .   (no helmet)
rElec   .          Harm     .   (no cloak)
rCorr   .          Rampage  .   (no gloves)
Will    .....                   (no boots)
Stlth   ++........              (no amulet)
HPRegen 0.04/turn               (no ring)
MPRegen 0.10/turn               (no ring)

@: no status effects
A: fangs 2, magic shield, antimagic bite, no potion heal 2
a: no special abilities


You were on level 1 of the Dungeon.
You visited 1 branch of the dungeon, and saw 2 of its levels.

You collected 67 gold pieces.

Inventory:

Hand Weapons
 a - a +1 dagger (weapon)
Armour
 g - a +0 ring mail (worn)
   (You found it on level 1 of the Dungeon)
Scrolls
 e - a scroll of immolation {unknown}
Potions
 c - 2 potions of invisibility
 d - a potion of heal wounds {unknown}
 f - a potion of resistance {unknown}


   Skills:
 + Level 0.8 Fighting
 - Level 0.8 Short Blades
 - Level 1.5 Dodging
 - Level 3.6 Stealth
 * Level 1.6 Unarmed Combat
 - Level 2.1 Spellcasting
 - Level 3.0 Hexes


You had 5 spell levels left.
You didn't know any spells.
Your spell library contained the following spells:

 Spells                   Type           Power      Damage    Failure   Level
 Ensorcelled Hibernation  Hex/Ice        12%        N/A       43%         2
 Confusing Touch          Hex            10%        N/A       45%         3
 Tukima's Dance           Hex            10%        N/A       45%         3
 Dazzling Flash           Conj/Hex       12%        N/A       67%         3


Dungeon Overview and Level Annotations

Branches:
Dungeon (2/15)

Altars:

Annotations:
D:2 Jessica


Innate Abilities, Weirdness & Mutations

You have extremely sharp teeth.
When hurt, damage is shared between your health and your magic reserves.
Your bite disrupts and absorbs the magic of your enemies.
Potions cannot restore your health.


Message History

Found a stone staircase leading down.
A frilled lizard comes into view.
The frilled lizard hisses angrily.
A frilled lizard is nearby!
A frilled lizard is nearby!
A frilled lizard is nearby!
Found 8 gold pieces.
The frilled lizard barely misses you.
You hit the frilled lizard.
You kill the frilled lizard!
No target in view!
An endoplasm comes into view.
An endoplasm is nearby!
An endoplasm is nearby!
You see here 8 gold pieces.
You barely miss the endoplasm. The endoplasm barely misses you.
You hit the endoplasm.
The endoplasm hits you but does no damage.
You hit the endoplasm.
You kill the endoplasm!
No target in view!
You now have 67 gold pieces (gained 8).
Jessica the Apprentice Sorceress comes into view.
She is wielding a +0 club.
Jessica shouts!
You hear a shout!
An orc comes into view.
It is wielding a +0 hand axe. 2 orcs come into view.
Jessica gestures wildly while chanting.
Jessica blinks!
An orc wizard and an orc come into view.
The orc shouts! x2; You hear a shout!
The orc shouts!
Jessica casts a spell at you. Pain shoots through your body!
Jessica mumbles some strange words.
Jessica blinks!
There is a stone staircase leading up here.
You barely miss the orc. Your bite misses the orc. The orc misses you.
You completely miss the orc. The orc hits you with a +0 hand axe.
The orc hits you with a +0 hand axe.
* * * LOW HITPOINT WARNING * * *
The orc hits you with a +0 short sword.
* * * LOW HITPOINT WARNING * * *
The orc barely misses you.
You climb upwards.
There is a stone staircase leading down here.
The orc misses you. The orc barely misses you.
The orc attacks as you move away! The orc misses you.
The orc hits you with a +0 club.
* * * LOW HITPOINT WARNING * * *
The orc attacks as you move away! The orc hits you with a +0 hand axe.
You die...

.........#.##################....
....###..#'##...............'....
....+..........##############....
....##.........# #....
....##.........##################
######...........................
#..........#################
#..........#................
#.......>oo@................
#.........o#####........####
######...######.# #........#
.........# #.# #........#
........#######.# #........#
#######.........#####........####
###..........................'..#
....#################........##.#
....# ###............##.#


You could see 3 orcs.

Vanquished Creatures
  5 endoplasms
  6 ball pythons
  2 frilled lizards
  A kobold (D:1)
  2 rats (D:1)
16 creatures vanquished.

Notes
Turn   | Place    | Note
-------+----------+-------------------------------------------
     0 | D:1      | vurker the Vine Stalker Enchanter began the quest for the
                  | Orb.
     0 | D:1      | Reached XP level 1. HP: 9/9 MP: 4/4
   588 | D:1      | Reached skill level 1 in Unarmed Combat
   629 | D:1      | Reached XP level 2. HP: 14/14 MP: 6/6
  1292 | D:2      | Noticed Jessica
  1333 | D:1      | Slain by an orc

Illustrated notes

Levels and vault maps discovered:
D:1:      ncdulo_watergridlock, layout_basic
D:2:      layout_basic, uniq_terence, uniq_jessica

Skill      XL: |  1 |
---------------+----+-----
Unarmed Combat | 1 |  1.6
Fighting       | |  0.8
Short Blades   | |  0.8
Dodging        | |  1.5
Stealth        | |  3.6
Spellcasting   | |  2.1
Hexes          | |  3.0

Action                   || total
-------------------------++-------
Melee: Dagger            ||    29
       Bite              ||     3
 Stab: Sleeping          ||     4
Armor: Robe              ||     4
       Ring mail         ||     4
Dodge: Dodged            ||    14

Table legend: (Time is in decaauts)
 A = Elapsed time spent in this place.
 B = Non-inter-level travel time spent in this place.
 C = Inter-level travel time spent in this place.
 D = Time resting spent in this place.
 E = Time spent auto-exploring this place.
 F = Levels seen in this place.
 G = Mean time per level.
                   A        B        C        D        E       F      G
               +--------+--------+--------+--------+--------+-----+--------+
         Total |   1332 |   1304 |     28 |      0 |   1129 |   2 |  666.0 |
       Dungeon |   1332 |   1304 |     28 |      0 |   1129 |   2 |  666.0 |
               +--------+--------+--------+--------+--------+-----+--------+

Top non-repeatable levels by time:
     D:1: 1224 daAuts
     D:2: 108 daAuts
